 Dungeon Crawl Stone Soup version 0.25-a0-317-g5f8687bca5 (webtiles) character file.

Game seed: 1599797185234709942, levelgen mode: deterministic

146 Goblin1989 the Shield-Bearer (level 5, -7/33 HPs)
             Began as a Gargoyle Fighter on Dec 25, 2019.
             Was an Initiate of Elyvilon.
             Killed from afar by Ijyb (12 damage)
             ... with a bolt of acid
             ... on level 3 of the Dungeon.
             The game lasted 00:04:39 (3694 turns).

Goblin1989 the Shield-Bearer (Gargoyle Fighter)     Turns: 3694, Time: 00:04:40

Health: -7/33      AC: 12    Str: 25    XL:     5   Next: 28%
Magic:  5/5        EV:  7    Int:  8    God:    Elyvilon [......]
Gold:   178        SH: 10    Dex:  9    Spells: 4/4 levels left

rFire    . . .     SeeInvis .   a - +0 war axe
rCold    + . .     Gourm    .   n - +0 shield
rNeg     + . .     Faith    .   b - +0 scale mail
rPois    ∞         Spirit   .   (no helmet)
rElec    +         Reflect  .   (no cloak)
rCorr    .         Harm     .   g - +0 pair of gloves
MR       .....                  (no boots)
Stlth    ..........             (no amulet)
HPRegen  0.11/turn              c - ring of protection from cold
MPRegen  0.09/turn              l - +4 ring of strength

@: no status effects
A: negative energy resistance 1, electricity resistance, unbreathing,
petrification resistance, rot immunity, AC +4
a: Renounce Religion


You were on level 3 of the Dungeon.
You worshipped Elyvilon.
Elyvilon was noncommittal.
You were not hungry.

You visited 1 branch of the dungeon, and saw 3 of its levels.

You collected 178 gold pieces.

Inventory:

Hand Weapons
 a - a +0 war axe (weapon)
Armour
 b - a +0 scale mail (worn)
 g - a +0 pair of gloves (worn)
 h - a +0 cloak
 n - a +0 shield (worn)
Jewellery
 c - a ring of protection from cold (left hand)
 l - a +4 ring of strength (right hand)
 s - a +4 ring of evasion {unknown}
Scrolls
 j - 2 scrolls of teleportation {unknown}
 k - 3 scrolls of identify {unknown}
 p - a scroll of vulnerability {unknown}
 t - a scroll of remove curse {unknown}
 u - a scroll of enchant weapon {unknown}
 v - a scroll of magic mapping {unknown}
Potions
 d - a potion of might {@q4}
 i - a potion of ambrosia {unknown}
 o - a potion of haste {unknown}
 q - 2 potions of berserk rage {unknown}
 r - a potion of magic {unknown}
 x - a potion of lignification {unknown}
Comestibles
 e - 9 rations


   Skills:
 + Level 4.0 Fighting
 * Level 3.3 Axes
 + Level 4.0 Armour
 + Level 4.1 Shields


You had 4 spell levels left.
You didn't know any spells.
Your spell library was empty.

Dungeon Overview and Level Annotations

Branches:
Dungeon (3/15)

Altars:
Elyvilon
Makhleb
Vehumet

Annotations:
D:3 3 runed translucent doors, Borgoz's ghost, amateur GrGl; Ijyb; LostGamesStreakFreak's ghost, amateur HOAK; olaf's ghost, amateur DsGl


Innate Abilities, Weirdness & Mutations

You are resistant to torment.
Your stone body is resilient. (AC +4)
You are immune to poison.
You resist negative energy. (rN+)
You are resistant to electric shocks. (rElec)
You can survive without breathing.
You are immune to petrification.
You are immune to rotting.


Message History

Unknown command.
Okay, then.
You climb downwards.
Level annotation: 3 runed translucent doors, Borgoz's ghost, amateur GrGl; Ijyb; LostGamesStreakFreak's ghost, amateur HOAK; olaf's ghost, amateur DsGl
There is a stone staircase leading up here.
Unknown command.
There is a stone staircase leading up here.
There is a stone staircase leading up here.
You climb upwards.
There is a stone staircase leading down here.
There is a stone staircase leading down here.
You climb downwards.
Level annotation: 3 runed translucent doors, Borgoz's ghost, amateur GrGl; Ijyb; LostGamesStreakFreak's ghost, amateur HOAK; olaf's ghost, amateur DsGl
There is a stone staircase leading up here.
You are feeling very hungry.
Unknown command.
There is an open door here.
You see here a ring mail.
There is an open door here.
Things that are here:
a +0 chain mail; a +0 hand axe; a +0 morningstar You see here a +0 mace.
You open the door.
There is an open door here.
You open the door.
There is an open door here.
You open the door.
A bat comes into view.
A bat is nearby!
You hit the bat but do no damage. You block the bat's attack.
No target in view!
No target in view!
No target in view!
No target in view!
No target in view!
You block the bat's attack.
There is an open door here.
A bat is nearby!
The bat hits you but does no damage.
A leopard gecko comes into view.
The leopard gecko hisses angrily.
The bat hits you but does no damage.
You closely miss the bat. The bat barely misses you.
You closely miss the bat. The bat hits you but does no damage.
You block the leopard gecko's attack. The bat barely misses you.
You slash the leopard gecko!
You kill the leopard gecko!
You barely miss the bat. The bat hits you but does no damage. x2
You block the bat's attack.
You barely miss the bat. The bat barely misses you. The bat barely misses you.
You block the bat's attack. The bat closely misses you.
Your shield prevents you from hitting the bat.
The bat closely misses you.
You closely miss the bat. You block the bat's attack.
The bat hits you but does no damage.
You closely miss the bat. You block the bat's attack.
The bat barely misses you.
You slash the bat!
You kill the bat!
No target in view!
No target in view!
No target in view!
No target in view!
No target in view!
No target in view!
No target in view!
No target in view!
No target in view!
No target in view!
No target in view!
No target in view!
No target in view!
No target in view!
No target in view!
No target in view!
You butcher the bat corpse.
w - a chunk of flesh You see here a bat skeleton. x2
Eating a chunk of flesh.
You eat the chunk of flesh.
This raw flesh tastes terrible.
Ijyb is too close now for your liking.
Ijyb is nearby!
Ijyb shouts!
Ijyb zaps a wand.
The bolt of acid hits you. The acid corrodes you!
You are splashed with acid!
You take 14 damage, and have 19/33 hp.
MASSIVE DAMAGE!!
Ijyb zaps a wand.
The bolt of acid hits you.
* * * LOW HITPOINT WARNING * * *
You are splashed with acid!
* * * LOW HITPOINT WARNING * * *
There is an open door here.
You take 16 damage, and have 3/33 hp.
MASSIVE DAMAGE!!
Ijyb screams, "Me very upset!"
Ijyb screams, "I cut your head off!"
There is an open door here.
You are no longer corroded.
Ijyb screams, "You nasty!
Big nasty!"
Ijyb zaps a wand.
The bolt of acid hits you!
You die... █....................██████.██.█ █....███∆███████...............█ █.... █.█ █.......████.████ █.... █.█ ███████.).██.█....█ █.... █g█ █.......█[[..█.██.█ █.... █.█████∆███████..█.█.██.█ █████

█.█............█.█......█
█.█............█.█...████
█.█......@.....█.█...███
█.∆.g..........█.█.....█
███............█..█..█∆███
█............██.█.......
█............█..........
█............█..█.....[.
█............█...█.█∆███
█............█..)..█.█
█............███.█.█.█


You could see Ijyb.

Vanquished Creatures
  4 adders
  2 oozes
  2 worms (D:2)
  3 leopard geckos (D:3)
  9 orcs
  7 giant cockroaches
  13 goblins
  8 hobgoblins
  4 jackals (D:3)
  7 kobolds
  A quokka (D:3)
  A ball python (D:1)
  7 bats
  4 frilled lizards
  9 rats
81 creatures vanquished.

Notes
Turn   | Place    | Note
-------+----------+-------------------------------------------
     0 | D:1      | Goblin1989 the Gargoyle Fighter began the quest for the
                  | Orb.
     0 | D:1      | Reached XP level 1. HP: 14/14 MP: 1/1
   169 | D:1      | Reached XP level 2. HP: 19/19 MP: 2/2
   413 | D:1      | Reached XP level 3. HP: 23/23 MP: 3/3
  1186 | D:2      | Reached XP level 4. HP: 26/29 MP: 4/4
  1472 | D:2      | Found a radiant altar of Vehumet.
  1472 | D:2      | Found a burning altar of Makhleb.
  2493 | D:3      | Reached XP level 5. HP: 13/33 MP: 5/5
  2742 | D:3      | Found a runed translucent gate.
  2742 | D:3      | Found a runed translucent gate.
  2742 | D:3      | Found a runed translucent gate.
  2742 | D:3      | Noticed Borgoz's ghost (amateur GrGl)
  2742 | D:3      | Noticed olaf's ghost (amateur DsGl)
  2743 | D:3      | Noticed LostGamesStreakFreak's ghost (amateur HOAK)
  2762 | D:3      | Found a white marble altar of Elyvilon.
  2813 | D:3      | Became a worshipper of Elyvilon the Healer
  3075 | D:3      | Noticed Ijyb
  3694 | D:3      | Killed from afar by Ijyb

Levels and vault maps discovered:
D:1:      dpeg_arrival_round_b, layout_basic
D:2:      minmay_recursive_quarters, layout_basic,
          gammafunk_temple_overflow_wave
D:3:      layout_basic, lemuel_doored_altar, gammafunk_ghost_cemetery, uniq_ijyb

Skill      XL: |  1  2  3  4  5 |
---------------+----------------+-----
Axes           | 2 3 |  3.3
Shields        | 4 |  4.1
Armour         | 4 |  4.0
Fighting       | 4 |  4.0

Action                   |  1- 3 |  4- 6 || total
-------------------------+-------+-------++-------
Melee: War axe           |   139 |   145 ||   284
  Eat: Chunk             |     1 |     8 ||     9
Armor: Scale mail        |    99 |   102 ||   201
Dodge: Dodged            |    56 |    80 ||   136
Block: Shield            |    84 |   105 ||   189

Table legend:
 A = Non-vault XP
 B = Vault XP
 C = Vault XP percentage of total XP
 D = Non-vault monster count
 E = Vault monster count
 F = Vault count percentage of total count
                 A         B        C        D         E       F
            +---------+---------+-------+---------+---------+-------
      Total |     191 |      18 |   8.6 |      77 |       4 |   4.9
            +---------+---------+-------+---------+---------+-------
        D:1 |      45 |       0 |   0.0 |      25 |       0 |   0.0
        D:2 |      55 |      18 |  24.7 |      24 |       4 |  14.3
        D:3 |      91 |       0 |   0.0 |      28 |       0 |   0.0
            +---------+---------+-------+---------+---------+-------

Levels and vault maps discovered:
D:1:      dpeg_arrival_round_b, layout_basic
D:2:      minmay_recursive_quarters, layout_basic,
          gammafunk_temple_overflow_wave
D:3:      layout_basic, lemuel_doored_altar, gammafunk_ghost_cemetery, uniq_ijyb
